General information
- name: BNet
- type: Ladder 1vs1/FFA
- host: Battle.net
- saver: Zombie_Griffith
map: TwistedMeadows
- players: 2
- length: 24:51
- speed: Fast
- version: 1.26 W3XP
- replay type: Public
» download(68 KB)
Players
team 1 (loser)
Snicklefrits (
yellow | 37 APM | 921 actions | 24:50)
5 Demon Hunter
3 Evasion
2 Mana Burn
» actions
| Basic commands | 15 | |
| Build / train | 71 | |
| Enter build submenu | 21 | |
| Enter hero's abilities submenu | 5 | |
| Right click | 545 | |
| Select / deselect | 226 | |
| Use ability | 38 | |
921 total
» units
| Wisp | 21 | |
| Archer | 5 | |
| Huntress | 16 | |
| Dryad | 10 | |
| Chimaera | 4 | |
56 total
» upgrades
| Strength of the Wild | 3 | |
| Upgrade Moon Glaive | 1 | |
| Abolish Magic | 1 | |
| Corrosive Breath | 1 | |
| Reinforced Hides | 1 | |
7 total
» buildings
| Altar of Elders | 1 | |
| Moon Well | 9 | |
| Ancient of War | 1 | |
| Hunter's Hall | 1 | |
| Tree of Ages | 1 | |
| Ancient Protector | 2 | |
| Tree of Eternity | 1 | |
| Ancient of Lore | 1 | |
| Ancient of Wind | 1 | |
| Chimaera Roost | 2 | |
| Tree of Life | 2 | |
22 total
» build order
00:09 Altar of Elders
00:21 Moon Well
00:54 Ancient of War
01:35 Moon Well
02:34 Hunter's Hall
02:58 Moon Well
04:10 Moon Well
04:37 Tree of Ages
06:01 Ancient Protector
06:05 Moon Well
07:31 Tree of Eternity
07:35 Ancient of Lore
12:34 Ancient of Wind
15:39 Chimaera Roost
15:43 Chimaera Roost
18:02 Ancient Protector
19:05 Tree of Life
19:48 Moon Well
19:56 Moon Well
20:50 Moon Well
20:55 Moon Well
24:03 Tree of Life
team 2 (winner)
Zombie_Griffith (
purple | 70 APM | 1740 actions | 24:51)
5 Archmage
3 Blizzard
2 Brilliance Aura
4 Blood Mage
2 Flame Strike
2 Siphon Mana
» actions
| Assign group hotkey | 66 | |
| Basic commands | 53 | |
| Build / train | 106 | |
| ESC pressed | 3 | |
| Enter build submenu | 41 | |
| Enter hero's abilities submenu | 9 | |
| Give item / drop item | 12 | |
| Right click | 590 | |
| Select / deselect | 441 | |
| Select group hotkey | 229 | |
| Use ability | 190 | |
1740 total
» units
| Peasant | 23 | |
| Goblin Shredder | 2 | |
| Goblin Zeppelin | 1 | |
| Sorceress | 1 | |
| Dragonhawk Rider | 4 | |
31 total
» upgrades
| Masonry | 3 | |
| Magic Sentry | 1 | |
| Sorceress Training | 2 | |
| Animal War Training | 1 | |
| Gunpowder | 2 | |
| Armor | 2 | |
| Cloud | 1 | |
12 total
» buildings
| Altar of Kings | 1 | |
| Farm | 7 | |
| Arcane Vault | 4 | |
| Lumber Mill | 1 | |
| Scout Tower | 22 | |
| Arcane Tower | 3 | |
| Town Hall | 1 | |
| Guard Tower | 20 | |
| Keep | 1 | |
| Castle | 1 | |
| Arcane Sanctum | 2 | |
| Blacksmith | 2 | |
| Barracks | 1 | |
| Workshop | 3 | |
| Gryphon Aviary | 4 | |
73 total
» build order
00:05 Altar of Kings
00:27 Farm
00:28 Farm
00:59 Arcane Vault
01:04 Lumber Mill
01:13 Scout Tower
02:17 Arcane Tower
03:28 Farm
03:48 Farm
03:55 Scout Tower
03:55 Scout Tower
04:02 Scout Tower
04:03 Scout Tower
04:05 Town Hall
04:26 Arcane Tower
04:32 Guard Tower
04:34 Guard Tower
04:34 Guard Tower
05:13 Guard Tower
05:14 Scout Tower
05:15 Scout Tower
05:22 Scout Tower
05:23 Scout Tower
05:23 Scout Tower
05:24 Scout Tower
05:58 Guard Tower
06:05 Guard Tower
06:12 Guard Tower
06:13 Guard Tower
06:13 Guard Tower
06:13 Guard Tower
06:57 Guard Tower
07:33 Farm
07:46 Scout Tower
08:57 Guard Tower
09:55 Keep
10:32 Scout Tower
10:33 Scout Tower
10:35 Scout Tower
10:41 Arcane Vault
10:49 Arcane Vault
11:07 Guard Tower
11:10 Arcane Tower
11:11 Guard Tower
11:34 Farm
11:49 Scout Tower
11:50 Scout Tower
11:52 Arcane Vault
11:57 Scout Tower
11:58 Scout Tower
12:20 Castle
12:23 Arcane Sanctum
12:27 Guard Tower
12:35 Guard Tower
12:36 Scout Tower
12:38 Farm
12:55 Blacksmith
13:12 Arcane Sanctum
13:15 Scout Tower
13:41 Guard Tower
13:44 Barracks
15:12 Guard Tower
16:05 Workshop
16:05 Workshop
16:07 Workshop
16:17 Scout Tower
18:04 Gryphon Aviary
18:06 Gryphon Aviary
18:08 Gryphon Aviary
18:14 Gryphon Aviary
» items
| Mechanical Critter | 1 | |
| Lesser Clarity Potion | 3 | |
| Scroll of Regeneration | 7 | |
| Staff of Teleportation | 2 | |
| Potion of Invisibility | 2 | |
| Periapt of Vitality | 1 | |
| Potion of Lesser Invulnerability | 1 | |
| Potion of Healing | 3 | |
| Scroll of Town Portal | 2 | |
| Potion of Mana | 2 | |
| Boots of Speed | 1 | |
| Staff of Sanctuary | 2 | |
27 total
Chat log
(21:54 / All) Zombie_Griffith: ragequit time?
(22:05 / All) Snicklefrits: nah its just a game
(22:09 / All) Snicklefrits: i could careless
(22:10 / All) Zombie_Griffith: but youre gonna ragequit
(22:18 / All) Zombie_Griffith: convincing me you dont care is futile
(22:18 / All) Snicklefrits: nah
(22:22 / All) Zombie_Griffith: but try anyway
(22:36 / All) Snicklefrits: funny thing is.. i like how u take this game serious..
(22:45 / All) Zombie_Griffith: no you assume itake it serious because im better than you :D
(22:56 / All) Zombie_Griffith: if you werent mad you woulda left by now, qed
(23:09 / All) Snicklefrits: no i think its funny how ur talking bout rage quitting
(23:12 / All) Snicklefrits: n ur better than me
(23:13 / All) Snicklefrits: wow
(23:20 / All) Snicklefrits: add me on facebook
(23:25 / All) Snicklefrits: lets see whos life is better
(23:27 / All) Snicklefrits: ernie gehr
(23:29 / All) Snicklefrits: look me up
(23:32 / All) Snicklefrits: ;)
(23:35 / All) Zombie_Griffith: if you werent mad youd leave but you wanna stay to "Waste my time"
(23:41 / All) Snicklefrits: bet u dont have half the shit i do in life :)
(23:46 / All) Zombie_Griffith: internet tough guy time!
(23:46 / All) Snicklefrits: but hope u feel good about a win over a game
(23:52 / All) Snicklefrits: add me
(23:52 / All) Zombie_Griffith: bye bye
(23:56 / All) Zombie_Griffith: angry noob
(23:57 / All) Snicklefrits: see whose the tough guy
(24:19 / All) Zombie_Griffith: stiiiilllllll tryyinngg too winnn
(24:23 / All) Zombie_Griffith: sooooo annnggrryyyy xD
(24:36 / All) Zombie_Griffith: man why do they always deny being mad
(24:43 / All) Zombie_Griffith: you dont even take items
(24:44 / All) Snicklefrits: good luck in life bro... i know truth hurts.. ;) good luck with the chicks.. bet ur dick isnt even half the size of your pinky